 Dungeon Crawl Stone Soup version 0.25.1-1-g288607f5aa (webtiles) character file.

Game seed: 166202015792408809

15 DerDa the Chiller (level 2, -3/19 HPs)
             Began as a Mummy Ice Elementalist on July 24, 2020.
             Splashed by a jelly's acid (9 damage)
             ... on level 2 of the Dungeon on July 26, 2020.
             The game lasted 00:03:42 (1141 turns).

DerDa the Chiller (Mummy Ice Elementalist)          Turns: 1141, Time: 00:03:42

Health: -3/19      AC: -2    Str: 11    XL:     2   Next: 34%
Magic:  5/6        EV: 12    Int: 14    God:
Gold:   38         SH:  0    Dex: 12    Spells: 6/7 levels left

rFire    x . .     SeeInvis .   d - +1 hand axe (freeze)
rCold    + . .     Gourm    .   (no shield)
rNeg     + + +     Faith    .   a - +0 robe
rPois    ∞         Spirit   .   (no helmet)
rElec    .         Reflect  .   (no cloak)
rCorr    .         Harm     .   (no gloves)
MR       .....                  (no boots)
Stlth    ++........             (no amulet)
HPRegen  0.06/turn              (no ring)
MPRegen  0.10/turn              (no ring)

@: corroded
A: no food or potions, fire vulnerability, cold resistance 1, negative energy
resistance 3, torment resistance, unbreathing
a: no special abilities


You were on level 2 of the Dungeon.
You were not hungry.

You visited 1 branch of the dungeon, and saw 2 of its levels.

You collected 38 gold pieces.

Inventory:

Hand Weapons
 c - a +0 club
 d - a +1 hand axe of freezing (weapon)
Missiles
 e - a datura-tipped dart (quivered)
 g - 6 curare-tipped darts
Armour
 a - a +0 robe (worn)
Scrolls
 b - a scroll of teleportation {unknown}
 f - a scroll of fear {unknown}
 h - a scroll of identify {unknown}
 i - a scroll of amnesia {unknown}


   Skills:
 - Level 1.5 Dodging
 - Level 1.5 Stealth
 * Level 3.3 Spellcasting
 * Level 3.5 Ice Magic


You had 6 spell levels left.
You knew the following spells:

 Your Spells              Type           Power        Failure   Level  Hunger
a - Freeze                Ice            ##..         4%          1    N/A

Your spell library contained the following spells:

 Spells                   Type           Power        Failure   Level  Hunger
 Frozen Ramparts          Ice            ##....       14%         3    N/A
 Ozocubu's Armour         Chrm/Ice       #.......     30%         3    N/A
 Hailstorm                Conj/Ice       #.......     69%         4    N/A
 Summon Ice Beast         Ice/Summ       #.......     69%         4    N/A

Dungeon Overview and Level Annotations

Branches:
Dungeon (2/15)

Altars:


Innate Abilities, Weirdness & Mutations

You do not eat or drink.
Your flesh is vulnerable to fire.
You are immune to poison.
Your flesh is cold resistant. (rC+)
You are immune to negative energy. (rN+++)
You are immune to unholy pain and torment.
You can survive without breathing.


Message History

Confirm with . or Enter, or press ? or * to list all spells.
Aiming: Freeze (safe; 4% risk of failure)
Press: ? - help, Shift-Dir - straight line, f - you That would be overly suicidal.
Okay, then.
Casting: Freeze (safe; 4% risk of failure)
Confirm with . or Enter, or press ? or * to list all spells.
Aiming: Freeze (safe; 4% risk of failure)
Press: ? - help, Shift-Dir - straight line, f - you
Okay, then.
The jelly completely misses you.
Casting: Freeze (safe; 4% risk of failure)
Confirm with . or Enter, or press ? or * to list all spells.
Aiming: Freeze (safe; 4% risk of failure)
Press: ? - help, Shift-Dir - straight line, f - jelly
Aim: a jelly (heavily wounded, fast, strong, frenzied and insane)
You freeze the jelly.
The jelly is heavily wounded.
The jelly hits you.
You are splashed with acid!
You die...

..#####.######.#
..............>#
.####..######.### #..#
#....# #..# #..###
....####..# #..#
..........# #..#
....####.## #..#
....####.######.@#####
................J....#
########.##......###.#
#####.##.###...#
.......<.# #...#
#####.##.# #...#
#.##........
.........)(##
#.######.#.#


You could see a neutral jelly (fast, strong, insane).

Vanquished Creatures
  A dart slug (D:1)
  A goblin (D:1)
  3 jackals (D:1)
  A kobold (D:1)
  3 bats (D:1)
  2 frilled lizards (D:1)
  2 rats (D:1)
13 creatures vanquished.

Vanquished Creatures (others)
  A kobold (D:2)
1 creature vanquished.

Grand Total: 14 creatures vanquished

Notes
Turn   | Place    | Note
-------+----------+-------------------------------------------
     0 | D:1      | DerDa the Mummy Ice Elementalist began the quest for the
                  | Orb.
     0 | D:1      | Reached XP level 1. HP: 13/13 MP: 4/4
   364 | D:1      | Reached XP level 2. HP: 19/19 MP: 3/6
  1141 | D:2      | Splashed by a jelly's acid

Illustrated notes

Levels and vault maps discovered:
D:1:      lemuel_arrival_tunnels, layout_loops_ring
D:2:      layout_basic

Skill      XL: |  1 |
---------------+----+-----
Spellcasting   | 3 |  3.3
Dodging        | |  1.5
Stealth        | |  1.5
Ice Magic      | |  3.5

Action                   || total
-------------------------++-------
Melee: Unarmed           ||     1
       Hand axe          ||    14
Throw: Dart              ||     2
 Cast: Freeze            ||    11
Armor: Robe              ||     6
Dodge: Dodged            ||    18
